 Dungeon Sprint DCSS version 0.31-a0-43-g46d131a48f (webtiles) character file.

Game seed: 2057176487650081559

443 sircluck the Grappler (level 6, -7/106 HPs)
             Began as a Troll Berserker on May 18, 2023.
             Was a Believer of Trog.
             Succumbed to Sonja's poison
             ... in the Dungeon (Sprint I: "Red Sonja").
             The game lasted 00:05:00 (218 turns).

sircluck the Grappler (Troll Berserker)              Turns: 218, Time: 00:05:00

Health: -7/106     AC:  6    Str: 28    XL:     6   Next: 71%
Magic:  5/5        EV: 11    Int:  3    God:    Trog [**....]
Gold:   214        SH:  0    Dex:  9    Spells: 5/5 levels left

rFire   . .          .
                       - Unarmed
rCold   . . .        (no shield)
rNeg    . . .        i - +2 robe {Will+}
rPois   .            (helmet restricted)
rElec   .            (no cloak)
rCorr   .            (gloves unavailable)
SInv    .            (boots unavailable)
Will    +....        (no amulet) Stlth
                     (no ring)
HPRegen 1.17/turn    (no ring)
MPRegen 0.09/turn

%: no teleportation
@: berserking, lethally poisoned (-7 -> -58), slowed
A: large, unfitting armour, claws 3, regeneration 1, shaggy fur 1, tough skin 1
a: Renounce Religion, Berserk, Trog's Hand


You were in the Dungeon.
You worshipped Trog.
Trog was pleased with you.
You visited 1 branch You collected 309 gold pieces.
You spent 95 gold pieces at shops.

Inventory:

Armour
 a - a +0 animal skin
 i - a +2 robe of willpower (worn)
Wands
 h - a wand of paralysis (1)
 j - a wand of flame (20)
Scrolls
 g - a scroll of blinking
 k - a scroll of fog {unknown}
Potions
 c - a potion of heal wounds
 d - a potion of haste
 e - 2 potions of magic
 f - a potion of berserk rage


   Skills:
 + Level 7.1 Fighting
 + Level 6.9 Dodging
 + Level 9.8 Unarmed Combat


You had 5 spell levels left.
You didn't know any spells.
Your spell library was empty.

Dungeon Overview and Level Annotations

Branches:
Dungeon (1/1)

Altars:
Cheibriados
Dithmenos
Elyvilon
Fedhas
Gozag
Hepliaklqana
Kikubaaqudgha
Nemelex Xobeh
Okawaru
Qazlal
Ru
Sif Muna
Trog
Uskayaw
Vehumet
Wu Jian
Yredelemnul
Zin
The Shining One

Shops:
D ?

Annotations:
D Sonja


Innate Abilities, Weirdness & Mutations

You are too large for most types of armour.
You have claws for hands.
Your natural rate of healing is unusually fast.
You are covered in fur. (AC +1)
You have tough skin. (AC +1)


Message History

Sonja throws a curare-tipped dart.
The curare-tipped dart hits you.
You are poisoned.
You have difficulty breathing.
You feel as though you will be slow longer.
Sonja hits your rat with a +2 short sword of venom.
Your rat dies!
Your rat's corpse dissolves into shadows!
A red film seems to cover your vision as you go berserk!
You feel yourself moving faster!
You feel mighty!
You feel sick.
Sonja throws a curare-tipped dart.
The curare-tipped dart hits you.
You are more poisoned.
You have difficulty breathing.
You feel as though you will be slow longer.
You miss Sonja.
You feel sick. Sonja misses you.
Sonja hits you with a +2 short sword of venom.
You are more poisoned.
Sonja hits you but does no damage.
You are more poisoned.
You barely miss Sonja.
You feel extremely sick.
Sonja hits you with a +2 short sword of venom!
* * * LOW HITPOINT WARNING * * *
Sonja barely misses you.
Sonja hits you with a +2 short sword of venom.
* * * LOW HITPOINT WARNING * * *
You are lethally poisoned!
You miss Sonja.
* * * LOW HITPOINT WARNING * * *
You feel extremely sick.
Sonja hits you with a +2 short sword of venom.
* * * LOW HITPOINT WARNING * * *
You are more poisoned.
Sonja hits you with a +2 short sword of venom!
* * * LOW HITPOINT WARNING * * *
You are more poisoned.
Sonja hits you with a +2 short sword of venom.
* * * LOW HITPOINT WARNING * * *
You are more poisoned.
You closely miss Sonja.
You die...

################
#<.#..)..#..'..#
#..'[.#..)..#..+
#..#####'#####'#
#..####..#...#.#
#..#__####..##.#
#..#_____##'#_.+
#⌠⌠#_.∩...†..@_#
####_..__##_K#'#
#_____###'#.#
####### #.###
$.$ $.$ ##.##
#+#


You could see Sonja.

Vanquished Creatures
  Sigmund (D)
  A yak (D)
  An ogre (D)
  A jelly (D)
  Ijyb (D)
5 creatures vanquished.

Notes
Turn   | Place    | Note
-------+----------+-------------------------------------------
     0 | D        | sircluck the Troll Berserker began the quest for the Orb.
     0 | D        | Reached XP level 1. HP: 22/22 MP: 0/0
     1 | D        | Noticed Ijyb
     5 | D        | Paralysed by Ijyb for 5 turns
    19 | D        | Killed Ijyb
    20 | D        | Reached skill level 4 in Unarmed Combat
    20 | D        | Reached XP level 2. HP: 29/32 MP: 1/1
    24 | D        | Noticed an ogre
    28 | D        | Killed an ogre
    29 | D        | Reached skill level 5 in Fighting
    29 | D        | Reached skill level 6 in Unarmed Combat
    29 | D        | Reached XP level 3. HP: 42/42 MP: 2/2
    29 | D        | Reached XP level 4. HP: 50/50 MP: 3/3
    83 | D        | Noticed Sigmund
    98 | D        | Killed Sigmund
    98 | D        | Reached ** piety under Trog
    99 | D        | Reached skill level 8 in Unarmed Combat
    99 | D        | Reached XP level 5. HP: 61/61 MP: 4/4
    99 | D        | Reached XP level 6. HP: 68/68 MP: 5/5
   145 | D        | Found an ornate altar of the Wu Jian Council.
   145 | D        | Found a shimmering blue altar of Sif Muna.
   147 | D        | Found a radiant altar of Vehumet.
   191 | D        | Found Wirgh's Magic Scroll Emporium.
   191 | D        | Found an ancient bone altar of Kikubaaqudgha.
   191 | D        | Found a hazy altar of Hepliaklqana.
   191 | D        | Found a stormy altar of Qazlal.
   191 | D        | Found a hide-covered altar of Uskayaw.
   191 | D        | Found a blossoming altar of Fedhas.
   191 | D        | Found a bloodstained altar of Trog.
   191 | D        | Found an iron altar of Okawaru.
   191 | D        | Found a basalt altar of Yredelemnul.
   191 | D        | Found a glowing golden altar of the Shining One.
   191 | D        | Found a snail-covered altar of Cheibriados.
   191 | D        | Found a sacrificial altar of Ru.
   191 | D        | Found a glowing silver altar of Zin.
   191 | D        | Found a shadowy altar of Dithmenos.
   191 | D        | Found a white marble altar of Elyvilon.
   191 | D        | Noticed a yak
   195 | D        | Killed a yak
   196 | D        | Reached skill level 9 in Unarmed Combat
   196 | D        | Found an opulent altar of Gozag.
   197 | D        | Found a sparkling altar of Nemelex Xobeh.
   203 | D        | Bought a scroll of summoning for 95 gold pieces
   209 | D        | Noticed Sonja
   217 | D        | HP: 3/106 [Sonja/+2 short sword of venom (4)]
   218 | D        | Succumbed to Sonja's poison

Illustrated notes

Levels and vault maps discovered:
D:        dungeon_sprint_1 [red_sonja_temple_1, red_sonja_temple_small_1]

Skill      XL: |  1  2  3  4  5  6 |
---------------+-------------------+-----
Fighting       | 3 5 6 7 |  7.1
Dodging        | 3 4 6 |  6.9
Unarmed Combat | 4 6 8 9 |  9.8

Action                     |  1- 3 |  4- 6 || total
---------------------------+-------+-------++-------
  Melee: Unarmed           |    15 |    16 ||    31
         Punch             |       |     1 ||     1
 Invoke: Berserk           |     1 |     2 ||     3
    Use: Scroll            |       |     1 ||     1
         Potion            |       |     1 ||     1
 Armour: Animal skin       |     2 |       ||     2
         Robe              |       |     2 ||     2
  Dodge: Dodged            |     5 |     7 ||    12

Table legend: (Time is in decaauts)
 A = Elapsed time spent in this place.
 B = Non-inter-level travel time spent in this place.
 C = Inter-level travel time spent in this place.
 D = Time resting spent in this place.
 E = Time spent auto-exploring this place.
 F = Levels seen in this place.
 G = Mean time per level.
                   A        B        C        D        E       F      G
               +--------+--------+--------+--------+--------+-----+--------+
         Total |    234 |    223 |     11 |     65 |     21 |   1 |  234.0 |
       Dungeon |    234 |    223 |     11 |     65 |     21 |   1 |  234.0 |
               +--------+--------+--------+--------+--------+-----+--------+

Top non-repeatable levels by time:
       D: 234 daAuts
